 Dungeon Crawl Stone Soup version 0.28.0 (webtiles) character file.

Game seed: 3693190707226827114

183 Findor the Slasher (level 5, -2/42 HPs)
             Began as a Barachi Fighter on Feb 12, 2022.
             Slain by Ijyb (8 damage)
             ... while paralysed by Ijyb
             ... on level 3 of the Dungeon.
             The game lasted 00:02:54 (2548 turns).

Findor the Slasher (Barachi Fighter)                Turns: 2548, Time: 00:02:54

Health: -2/42      AC:  9    Str: 19    XL:     5   Next: 62%
Magic:  5/5        EV:  2    Int:  8    God:
Gold:   125        SH:  0    Dex: 12    Spells: 4/4 levels left

rFire   + . .      SeeInvis .   a - +0 long sword
rCold   . . .      Faith    .   c - +0 buckler
rNeg    . . .      Spirit   .   o - +2 ring mail of Naokuedd {rF+}
rPois   .          Reflect  .   (no helmet)
rElec   .          Harm     .   (no cloak)
rCorr   .          Rampage  .   g - +0 pair of gloves
Will    .....                   (no boots)
Stlth   +.........              (no amulet)
HPRegen 0.14/turn               (no ring)
MPRegen 0.09/turn               (no ring)

@: paralysed, mighty, slow
A: amphibious, slowness 1, strong legs 1, +LOS
a: Hop


You were on level 3 of the Dungeon.
You visited 1 branch of the dungeon, and saw 3 of its levels.

You collected 125 gold pieces.


Innate Abilities, Weirdness & Mutations

You are amphibious.
You cover ground slowly.
You can hop short distances.
You have an extended range of vision and can be seen from far away.


   Skills:
 + Level 4.2 Fighting
 * Level 5.2 Long Blades
 + Level 4.2 Armour
 + Level 1.5 Dodging
 + Level 3.9 Shields


You had 4 spell levels left.
You didn't know any spells.
Your spell library was empty.

Inventory:

Hand Weapons
 a - a +0 long sword (weapon)
 b - a +1 dagger of venom
   (You took it off Jessica on level 2 of the Dungeon)
Missiles
 n - 8 poisoned darts
Armour
 c - a +0 buckler (worn)
 g - a +0 pair of gloves (worn)
   (You found it on level 1 of the Dungeon)
 j - a +0 scale mail
 o - the +2 ring mail of Naokuedd (worn) {rF+}
   (You found it on level 3 of the Dungeon)

   rF:        It protects you from fire.
Scrolls
 e - 2 scrolls of noise {unknown}
 f - 3 scrolls of vulnerability {unknown}
 h - a scroll of magic mapping {unknown}
 m - a scroll of identify {unknown}
Potions
 i - a potion of lignification {unknown}
 k - a potion of heal wounds {unknown}
 l - a potion of attraction {unknown}
 p - a potion of haste {unknown}


Message History

You slash the bullfrog skeleton! The bullfrog skeleton misses you.
The bullfrog skeleton hits you but does no damage.
You hit the bullfrog skeleton.
The bullfrog skeleton barely misses you.
You hit the bullfrog skeleton.
You block the bullfrog skeleton's attack.
The bullfrog skeleton completely misses you.
You hit the bullfrog skeleton.
The bullfrog skeleton closely misses you.
You hit the bullfrog skeleton. The bullfrog skeleton hits you.
The bullfrog skeleton hits you but does no damage.
You slash the bullfrog skeleton!
You destroy the bullfrog skeleton!
No target in view!
No target in view!
No target in view!
No target in view!
No target in view!
No target in view!
No target in view!
No target in view!
Found a robe.
Ijyb the Twisted Goblin comes into view.
She is wielding a +7 club and carrying a wand of paralysis (4).
Ijyb shouts!
You start waiting.
Ijyb is nearby!
Ijyb hits you with a +7 club.
You hit Ijyb but do no damage. Ijyb hits you with a +7 club.
You closely miss Ijyb. Ijyb hits you with a +7 club.
You hit Ijyb. Ijyb hits you with a +7 club!
You completely miss Ijyb.
Ijyb screams, "Level is mine!
All mine!"
Ijyb hits you but does no damage. Ijyb hits you with a +7 club.
* * * LOW HITPOINT WARNING * * *
You aren't carrying any items that you can evoke.
Unknown command.
You feel very mighty all of a sudden. Ijyb hits you with a +7 club.
* * * LOW HITPOINT WARNING * * *
You slash Ijyb! Ijyb barely misses you.
You hit Ijyb.
Ijyb zaps a wand.
You suddenly lose the ability to move!
Ijyb hits you with a +7 club.
* * * LOW HITPOINT WARNING * * *
Ijyb hits you with a +7 club!
* * * LOW HITPOINT WARNING * * *
Ijyb hits you but does no damage. Ijyb hits you with a +7 club!
You die...

######## #. #......#
.g####.####.## #### ....#[......#
#... #.#......#..###.#.
#...#.##.#..##.#.. ..#
#.##.........###. ...##.
###g#...........#.. ......
#.@......##........ #...# ##
#.......####....#..
#...##.#####......## ##......
####...#......#......## #......
......................## #...#..
.......................####..###.
.)..........................## ##
##...........................## #
#.#...#..........##.#####....###


You could see Ijyb.

Vanquished Creatures
  A bullfrog skeleton (D:3)
  Jessica (D:2)
  Terence (D:3)
  Robin (D:2)
  3 adders
  3 dart slugs
  3 ball pythons
  An endoplasm (D:3)
  2 giant cockroaches (D:1)
  14 goblins
  3 hobgoblins
  A jackal (D:1)
  3 quokkas
  8 bats
  7 frilled lizards
  5 kobolds
  7 rats
64 creatures vanquished.

Notes
Turn   | Place    | Note
-------+----------+-------------------------------------------
     0 | D:1      | Findor the Barachi Fighter began the quest for the Orb.
     0 | D:1      | Reached XP level 1. HP: 18/18 MP: 1/1
   156 | D:1      | Reached skill level 3 in Long Blades
   242 | D:1      | Reached XP level 2. HP: 20/24 MP: 2/2
   560 | D:1      | Reached skill level 4 in Long Blades
   890 | D:2      | Found a faded altar of an unknown god.
   927 | D:2      | Reached XP level 3. HP: 29/29 MP: 3/3
  1025 | D:2      | Noticed Jessica
  1046 | D:2      | Killed Jessica
  1047 | D:2      | Reached XP level 4. HP: 37/37 MP: 4/4
  1678 | D:3      | Reached skill level 1 in Dodging
  1820 | D:3      | Noticed Terence
  1829 | D:3      | Killed Terence
  1830 | D:3      | Reached XP level 5. HP: 40/42 MP: 5/5
  1991 | D:3      | Identified the +2 ring mail of Naokuedd {rF+}
  2090 | D:3      | Reached skill level 5 in Long Blades
  2090 | D:3      | Noticed Robin
  2302 | D:2      | Killed Robin
  2532 | D:3      | Noticed Ijyb
  2544 | D:3      | Paralysed by Ijyb for 7 turns
  2546 | D:3      | HP: 6/42 [Ijyb (7)]
  2548 | D:3      | Slain by Ijyb

Levels and vault maps discovered:
D:1:      dpeg_arrival_brainrot, layout_basic, minmay_lizard_pond
D:2:      layout_loops_cross, shapermc_ecumenical_altar_ellora,
          grunt_ministairs_5, serial_park_tiny_1, uniq_jessica
D:3:      layout_loops_cross, cheibriados_altar_1, minmay_statues_item,
          hangedman_decor_growths, uniq_terence, uniq_robin, uniq_ijyb

Action                   |  1- 3 |  4- 6 || total
-------------------------+-------+-------++-------
Melee: Long sword        |    81 |   102 ||   183
       Dagger            |       |     4 ||     4
 Abil: Hop               |       |     1 ||     1
  Use: Potion            |       |     1 ||     1
Armor: Scale mail        |    39 |    27 ||    66
       Ring mail         |       |    42 ||    42
Dodge: Dodged            |    35 |    60 ||    95
Block: Buckler           |    20 |    25 ||    45
